 Dungeon Crawl Stone Soup version 0.25.1-2-g60ff931df9 (webtiles) character file.

Game seed: 1866387967665026462

4494 Descartes the Grappler (level 10, 0/85 HPs)
             Began as a Troll Warper on Nov 13, 2020.
             Slain by Harold
             ... wielding a +0 short sword
              (7 damage)
             ... on level 8 of the Dungeon.
             The game lasted 00:10:46 (6311 turns).

Descartes the Grappler (Troll Warper)               Turns: 6311, Time: 00:10:47

Health: 0/85       AC:  9    Str: 22    XL:     10   Next: 16%
Magic:  10/10      EV:  8    Int: 11    God:
Gold:   530        SH:  9    Dex: 12    Spells: 11/11 levels left

rFire    + . .     SeeInvis .     - Unarmed
rCold    . . .     Gourm    +   J - +0 kite shield of Undesirable Species {MR- Dex+3 Stlth+}
rNeg     . . .     Faith    .   O - +0 steam dragon scales
rPois    .         Spirit   .   (helmet restricted)
rElec    .         Reflect  .   (no cloak)
rCorr    .         Harm     .   (gloves unavailable)
MR       .....                  (boots unavailable)
Stlth    ++........             (no amulet)
HPRegen  0.64/turn              m - ring of protection from fire
MPRegen  0.12/turn              N - ring of protection from magic

@: lethally poisoned (0 -> 0), marked
A: large, unfitting armour, claws 3, fast metabolism 3, gourmand, regeneration
1, shaggy fur 1, tough skin 3
a: no special abilities


You were on level 8 of the Dungeon.
You were completely stuffed.

You visited 2 branches of the dungeon, and saw 9 of its levels.

You collected 530 gold pieces.

Inventory:

Missiles
 b - 184 stones
 d - 5 boomerangs of dispersal (quivered)
 i - 2 throwing nets
 t - 2 silver javelins
 y - 14 poisoned darts
 C - 8 boomerangs
 D - 5 javelins
 K - 2 atropa-tipped darts
Armour
 I - a +1 robe of magic resistance
 J - the +0 kite shield of Undesirable Species (worn) {MR- Dex+3 Stlth+}
   (You found it on level 6 of the Dungeon)

   It affects your dexterity (+3).
   It affects your resistance to hostile enchantments.
   It makes you more stealthy.
 O - +0 steam dragon scales (worn)
Jewellery
 m - a ring of protection from fire (left claw)
 N - a ring of protection from magic (right claw)
Wands
 o - a wand of digging (2)
 M - a wand of random effects (20)
Scrolls
 a - a scroll of identify
 c - 3 scrolls of blinking
 g - 6 scrolls of teleportation {unknown}
 h - 7 scrolls of remove curse
 j - 2 scrolls of noise {unknown}
 p - a scroll of fear {unknown}
 v - 2 scrolls of random uselessness {unknown}
 w - 2 scrolls of immolation {unknown}
 x - a scroll of enchant armour {unknown}
 A - a scroll of vulnerability {unknown}
 B - a scroll of enchant weapon {unknown}
 F - a scroll of amnesia {unknown}
 G - 2 scrolls of magic mapping {unknown}
Potions
 e - 3 potions of curing
 k - 2 potions of resistance
 l - a potion of might
 q - a potion of lignification
 r - 4 potions of cancellation
 s - 2 potions of haste
 u - a potion of degeneration {unknown}
 z - 2 potions of heal wounds
 E - a potion of berserk rage
Comestibles
 f - 11 rations
 n - 3 chunks of flesh


   Skills:
 - Level 1.5 Fighting
 - Level 0.8 Throwing
 - Level 1.9 Dodging
 + Level 3.6 Shields
 + Level 13.7 Unarmed Combat
 - Level 1.2 Spellcasting
   Level 2.1 Translocations


You had 11 spell levels left.
You didn't know any spells.
Your spell library contained the following spells:

 Spells                   Type           Power        Failure   Level  Hunger
 Blink                    Tloc           N/A          52%         2    ###....
 Shroud of Golubria       Chrm/Tloc      #.....       67%         2    ###....
 Gell's Gravitas          Tloc           #.........   75%         3    ####...
 Lesser Beckoning         Tloc           #.........   75%         3    ####...
 Teleport Other           Tloc           #.......     75%         3    ####...
 Passage of Golubria      Tloc           N/A          98%         4    #####..


Dungeon Overview and Level Annotations

Branches:
Dungeon (8/15)             Temple (1/1) D:7
   Lair: D:8-11

Altars:
Ashenzari
Cheibriados
Dithmenos
Elyvilon
Fedhas
Gozag
Hepliaklqana
Kikubaaqudgha
Makhleb
Nemelex Xobeh
Okawaru
Qazlal
Ru
Sif Muna
Trog
Uskayaw
Vehumet
Wu Jian
Xom
Yredelemnul
Zin
The Shining One

Annotations:
D:8 Erica, Harold


Innate Abilities, Weirdness & Mutations

You are too large for most types of armour.
You have claws for hands.
Your metabolism is lightning-fast.
You like to eat raw meat.
Your natural rate of healing is unusually fast.
You are covered in fur. (AC +1)
You have extremely tough skin. (AC +3)


Message History

You scratch Harold but do no damage.
Harold is moderately wounded.
Harold gestures at you while chanting. A sentinel's mark forms upon you.
You scratch Harold but do no damage.
Harold is moderately wounded.
You block Harold's attack.
You scratch Harold.
Harold is moderately wounded.
You feel sick. Harold hits you but does no damage.
You mangle Harold!!
Harold is severely wounded.
You claw Harold!
Harold is severely wounded.
Harold hits you with a +0 short sword!
* * * LOW HITPOINT WARNING * * *
You claw Harold!
Harold is almost dead.
You feel sick. Harold hits you with a +0 short sword!
You die...

P..
#...#......#.<.....
....
##.#############..#
.P..P #.# ###..#
#.....###†# #....#
'...P@r..o# #....#
#......##{# ##...÷.
#..{..# #s# #......
...Po. #@# #......
.P.%P #@#
.......... .P.P.
#.# ####.##.#. ....
#(......# #......
P.## #########
....... ........
#.###.... #....


You could see Harold, a scorpion and an orc.

Vanquished Creatures
  A two-headed ogre (D:8)
  A steam dragon (D:7)
  A hungry ghost (D:6)
  Menkaure (D:4)
  2 insubstantial wisps (D:7)
  4 orc warriors
  A porcupine (D:8)
  An ice beast (D:5)
  3 sky beasts (D:7)
  A phantom (D:4)
  4 ogres
  A centaur (D:7)
  A big kobold (D:7)
  3 bullfrogs (D:6)
  A scorpion (D:3)
  5 wights (D:6)
  A howler monkey (D:6)
  3 crimson imps
  A jelly (D:5)
  7 orc priests
  A hound (D:4)
  3 bullfrog skeletons
  Terence (D:2)
  An iguana (D:7)
  12 orc wizards
  8 worker ants
  A hound skeleton (D:6)
  A worker ant zombie (D:5)
  6 gnolls
  6 adders
  3 shadow imps
  An adder skeleton (D:7)
  2 worms
  A dart slug (D:1)
  4 leopard geckos
  47 orcs
  3 ball pythons
  5 bats
  5 giant cockroaches
  7 hobgoblins
  9 jackals
  4 quokkas
  A ball python zombie (D:6)
  18 frilled lizards
  3 goblins
  14 kobolds
  A quokka skeleton (D:7)
  9 rats
220 creatures vanquished.

Vanquished Creatures (others)
  7 fungi (D:8)
  2 plants (D:8)
9 creatures vanquished.

Grand Total: 229 creatures vanquished

Notes
Turn   | Place    | Note
-------+----------+-------------------------------------------
     0 | D:1      | Descartes the Troll Warper began the quest for the Orb.
     0 | D:1      | Reached XP level 1. HP: 19/19 MP: 1/1
   255 | D:1      | Reached XP level 2. HP: 27/27 MP: 2/2
   331 | D:1      | Reached skill level 3 in Unarmed Combat
   716 | D:2      | Reached XP level 3. HP: 33/33 MP: 3/3
   758 | D:2      | Reached skill level 4 in Unarmed Combat
   841 | D:2      | Noticed Terence
   852 | D:2      | Killed Terence
   852 | D:2      | Reached XP level 4. HP: 27/41 MP: 4/4
   931 | D:2      | Reached skill level 5 in Unarmed Combat
  1154 | D:2      | Reached XP level 5. HP: 48/48 MP: 5/5
  1516 | D:3      | Reached skill level 6 in Unarmed Combat
  1847 | D:3      | Reached XP level 6. HP: 37/55 MP: 6/6
  2203 | D:4      | Reached skill level 7 in Unarmed Combat
  2411 | D:4      | Found a sacrificial altar of Ru.
  2563 | D:4      | Reached XP level 7. HP: 28/62 MP: 7/7
  2661 | D:4      | Reached skill level 8 in Unarmed Combat
  2736 | D:4      | Noticed Menkaure
  2740 | D:4      | Killed Menkaure
  2760 | D:4      | Reached skill level 9 in Unarmed Combat
  3187 | D:4      | Reached XP level 8. HP: 59/70 MP: 8/8
  3298 | D:5      | Entered Level 5 of the Dungeon
  3394 | D:5      | Reached skill level 10 in Unarmed Combat
  4032 | D:6      | Reached skill level 11 in Unarmed Combat
  4184 | D:6      | Got a smoking kite shield
  4295 | D:6      | Identified the cursed +0 kite shield of Undesirable Species
                  | {MR- Dex+3 Stlth+} (You found it on level 6 of the Dungeon)
  4422 | D:6      | Reached XP level 9. HP: 61/76 MP: 9/9
  4675 | D:7      | Reached skill level 12 in Unarmed Combat
  5331 | D:7      | Reached skill level 13 in Unarmed Combat
  5483 | D:7      | Reached skill level 1 in Shields
  5736 | D:7      | Found a staircase to the Ecumenical Temple.
  5764 | Temple   | Entered the Ecumenical Temple
  6176 | D:8      | Noticed a two-headed ogre
  6187 | D:8      | Killed a two-headed ogre
  6187 | D:8      | Reached XP level 10. HP: 29/85 MP: 10/10
  6283 | D:8      | Noticed Harold
  6283 | D:8      | Noticed Erica
  6311 | D:8      | Slain by Harold

Illustrated notes

Levels and vault maps discovered:
D:1:      nzn_arrival_water_spiral, layout_basic, st_stairs_5
D:2:      layout_basic, minmay_lizard_king, uniq_terence
D:3:      layout_basic
D:4:      layout_loops_corners, overflow_temple_1_default, first_ration,
          uniq_menkaure
D:5:      layout_rooms, hangedman_decor_opposing
D:6:      layout_loops_cross
D:7:      layout_cave_pools, temple_pool_b, hangedman_misty_isle
D:8:      layout_loops_ring, grunt_lair_entry_orc_guard_hut, special_room
          [special_room_orc], hangedman_pestilent_swarm, uniq_harold, uniq_erica
Temple:   roderic_octagonal_lattice_temple

Skill      XL: |  1  2  3  4  5  6  7  8  9 |
---------------+----------------------------+-----
Unarmed Combat | 3 4 5 6 7 9 11 13 | 13.7
Shields        | 3 |  3.6
Fighting       | |  1.5
Throwing       | |  0.8
Dodging        | |  1.9
Spellcasting   | |  1.2
Translocations | |  2.1

Action                   |  1- 3 |  4- 6 |  7- 9 | 10-12 || total
-------------------------+-------+-------+-------+-------++-------
Melee: Unarmed           |   103 |   176 |   390 |    22 ||   691
       Punch             |       |     3 |     9 |       ||    12
  Use: Scroll            |       |       |     8 |       ||     8
 Stab: Sleeping          |       |       |     3 |       ||     3
  Eat: Chunk             |    13 |    16 |    39 |     3 ||    71
       Ration            |       |       |     1 |       ||     1
Armor: Robe              |    56 |    42 |   117 |       ||   215
       Steam dragon scal |       |       |     5 |     5 ||    10
Dodge: Dodged            |    61 |    77 |   128 |     2 ||   268
Block: Kite shield       |       |       |    86 |     6 ||    92
